Map: Lock & Load

Players

Viktor

  • Race: Zerg Zerg

NamroodTuo

  • Race: Zerg Zerg

VOD

Have the link to the VOD?

Description

Time

  • Played on: Jan. 5, 2023, 9:26 a.m.
  • Length: 9:03
Show
View Real Time Build Order
Export as new Build Order

Viktor Zerg 

Build Orders:  

Get SALT Encoding   

  12  0:04  Drone  
  13  0:11  Drone  
  14  0:26  Overlord  
  14  0:56  Extractor x2  
  14  0:57  Drone  
  14  0:58  Drone x2  
  14  0:59  Drone x3  
  18  1:26  Spawning Tool  
  17  1:47  Drone x3  
  17  1:48  Drone  
  21  2:06  Drone  
  22  2:11  Overlord x2  
  22  2:48  Evolution Chamber  
  21  2:50  Drone x3  
  21  2:51  Drone x2  
  26  4:00  Zerg Melee Weapons Level 1  
  26  4:32  Hydralisk Den  
  25  4:50  Infestation Pit  
  24  5:19  Hydralisk  
  26  5:20  Hydralisk x2  
  26  5:22  Hydralisk  
  32  5:35  Hydralisk  
  34  7:25  Overlord  
  34  7:26  Overlord x3  
  34  7:27  Overlord x2  
Show
View Real Time Build Order
Export as new Build Order

NamroodTuo Zerg 

Build Orders:  

Get SALT Encoding   

  12  0:02  Infested SCV  
  13  0:28  Infested Barracks  
  13  0:35  Infested SCV  
  14  0:48  Overlord  
  14  1:08  Infested SCV  
  15  1:13  Overlord  
  15  1:16  Infested SCV  
  15  1:17  Infested SCV  
  17  1:33  Infested Marine  
  18  1:41  Infested Marine  
  18  1:48  Infested SCV  
  18  1:49  Infested SCV  
  21  1:53  Infested Refinery  
  21  1:54  Infested SCV  
  21  1:59  Infested Marine  
  23  2:01  Infested Marine  
  23  2:05  Infestation Level 1  
  24  2:10  Infested SCV  
  25  2:27  Overlord  
  25  2:46  Infested Engineering Bay  
  25  2:49  Infested Barracks Tech Lab  
  25  3:02  Infested Barracks  
  24  3:15  Infested SCV  
  24  3:16  Infested SCV x2  
  26  3:26  Infested Refinery  
  26  3:30  Infested SCV  
  25  3:44  Infested Marine  
  25  3:45  Infested Marine  
  25  3:46  Infested Marine  
  25  3:47  Infested Marine  
  25  3:48  Infested Marine x2  
  25  3:49  Infested Marine x4  
  35  3:50  Infested Marine  
  35  3:53  Infested SCV  
  37  4:05  Infested SCV  
  38  5:01  Overlord  
  38  5:02  Overlord x2  
  38  5:15  Regenerative Plating  
  37  5:20  Infested Barracks  
  27  5:32  Infested Bunker  
  31  5:45  Retinal Augmentation  
  31  5:57  Infested Marine  
  31  5:58  Infested Marine x4  
  36  6:15  Stukov Infantry Armor Level 1  
  36  6:45  Plagued Munitions  
  36  7:10  Infested SCV x4, Infested Command Center  
  40  7:26  Anaerobic Enhancement  
  35  8:09  Infested Marine x2  
  37  8:10  Infested Marine x20  
  61  8:49  Infested Bunker  
Tags
 
Matchup
Co-op
Replay Pack
Multiplayer
Add a new tag
Caveats
  • Supply blocks, unpowered buildings, or Contaminate may cause inaccurate times.
  • Supply counts are checked every 10 seconds.